Selects Luftwaffe Battlegroup
Selects Luftwaffe Pioneer Support
Fallschirmpioneer Squad Paradrop
Construct Infanterie Kompanie
Fallschirmpioneer Squad Paradrop
Fallschirmpioneer Squad Paradrop
Infanterie Officer Quarters
Selects Stuka Strafing Run
Selects Fallschirmjäger Squad Paradrop
Fallschirmjäger Squad Paradrop
Fallschirmjäger Squad Paradrop
Selects Fragmentation Bombs
Construct Panzergrenadier Kompanie
Selects Flak 38 Anti-Air Emplacement
Fallschirmjäger Squad Paradrop
Fallschirmjäger Squad Paradrop
Selects Infantry Reserves
Fallschirmpioneer Squad Paradrop
Construct Panzer Kompanie
Pak 40 Anti-tank Gun Team
Pak 40 Anti-tank Gun Team
Panzergrenadier Officer Quarters
Pak 40 Anti-tank Gun Team
Fallschirmjäger Squad Paradrop